Map: Catalyst LE

Players

SvetlanaBae - Winner!

  • Race: Protoss Protoss
  • League: Grandmaster
  • Spawn Location: 5:00

Kudralisk

  • Race: Zerg Zerg
  • League: Grandmaster
  • Spawn Location: 11:00

VOD

Have the link to the VOD?

Description

Time

  • Played on: Feb. 19, 2018, 3:50 p.m.
  • Length: 7:17
Show
View Real Time Build Order
Export as new Build Order

SvetlanaBae Protoss - Winner!

Build Orders:  

Get SALT Encoding   

  12  0:00  Probe  
  13  0:12  Probe  
  14  0:19  Pylon  
  14  0:25  Probe (Chrono Boost)  
  15  0:38  Probe (Chrono Boost)  
  16  0:44  Probe (Chrono Boost)  
  17  0:50  Pylon  
  17  0:53  Probe  
  18  1:04  Gateway  
  18  1:05  Probe  
  18  1:09  Assimilator  
  19  1:17  Pylon  
  19  1:18  Probe (Chrono Boost)  
  20  1:21  Assimilator  
  20  1:28  Pylon  
  20  1:30  Probe (Chrono Boost)  
  21  1:36  Probe (Chrono Boost)  
  22  1:44  Probe  
  22  1:51  Cybernetics Core  
  22  1:55  Zealot  
  22  1:56  Probe  
  25  2:05  Forge  
  25  2:13  Pylon  
  25  2:28  Stargate  
  25  2:31  Shield Battery  
  25  2:39  Photon Cannon  
  25  2:43  Photon Cannon  
  25  2:50  Pylon  
  25  3:03  Stargate  
  25  3:14  Void Ray (Chrono Boost)  
  29  3:30  Photon Cannon  
  33  3:48  Void Ray (Chrono Boost)  
  33  3:55  Shield Battery  
  31  3:57  Shield Battery  
  31  4:06  Phoenix (Chrono Boost)  
  33  4:14  Pylon  
  33  4:23  Pylon  
  33  4:31  Phoenix  
  35  4:47  Phoenix  
  35  4:48  Probe  
  38  5:06  Phoenix (Chrono Boost)  
  42  5:21  Phoenix (Chrono Boost)  
  42  5:35  Void Ray  
  46  5:48  Nexus  
  46  6:06  Pylon  
  46  6:08  Assimilator  
  46  6:24  Phoenix  
  48  6:29  Void Ray  
  52  6:36  Probe  
  53  6:45  Pylon  
  53  6:48  Probe  
  53  6:50  Assimilator  
  54  7:00  Probe  
Show
View Real Time Build Order
Export as new Build Order

Kudralisk Zerg 

Build Orders: Hatch First 

Get SALT Encoding   

  12  0:01  Drone  
  13  0:14  Overlord  
  13  0:19  Drone  
  14  0:32  Drone x2  
  16  0:36  Drone  
  17  0:56  Hatchery  
  16  1:00  Extractor  
  16  1:02  Drone  
  16  1:04  Drone  
  17  1:18  Spawning Pool  
  17  1:22  Drone  
  17  1:27  Drone  
  18  1:33  Drone  
  20  1:47  Drone  
  20  1:53  Overlord  
  20  2:06  Roach Warren  
  20  2:08  Drone, Queen  
  22  2:21  Spine Crawler  
  21  2:23  Drone  
  21  2:26  Queen  
  24  2:35  Extractor  
  23  2:38  Spine Crawler  
  22  2:47  Roach  
  22  2:48  Roach  
  26  2:54  Roach  
  28  3:02  Queen  
  30  3:08  Drone x2  
  30  3:11  Ravager  
  33  3:13  Ravager  
  33  3:16  Ravager  
  35  3:29  Overlord  
  35  3:31  Drone  
  36  3:47  Queen  
  38  3:59  Drone  
  38  4:00  Drone x2  
  38  4:01  Queen  
  43  4:16  Spore Crawler  
  42  4:30  Queen  
  40  4:46  Drone x3  
  43  4:59  Hatchery  
  40  5:18  Overlord  
  40  5:20  Overlord  
  40  5:34  Spore Crawler x2  
  38  5:38  Spore Crawler  
  35  5:58  Queen  
  35  6:05  Drone  
  35  6:07  Overlord x3, Spore Crawler  
  32  6:31  Drone  
  32  6:32  Drone x4  
  37  6:36  Spore Crawler  
  37  6:37  Queen  
  32  6:50  Spore Crawler x2  
  28  7:03  Spore Crawler  
Tags
 
Add a new tag
Caveats
  • Supply blocks, unpowered buildings, or Contaminate may cause inaccurate times.
  • Supply counts are checked every 10 seconds.